 Dungeon Crawl Stone Soup version 0.22.1-1-ga44c0e5 (webtiles) character file.

56 MTVSty1e the Cudgeler (level 3, 0/24 HPs)
             Began as a Gargoyle Monk on Oct 18, 2018.
             Slain by a gnoll
             ... wielding a +0 spear
              (1 damage)
             ... on level 2 of the Dungeon.
             The game lasted 00:01:22 (1301 turns).

MTVSty1e the Cudgeler (Gargoyle Monk)               Turns: 1301, Time: 00:01:23

Health: 0/24       AC: 13    Str: 15    XL:     3   Next: 97%
Magic:  3/3        EV:  4    Int: 10    God:
Gold:   67         SH:  0    Dex: 12    Spells: 2/2 levels left

rFire    + . .     SeeInvis .   a - +0 mace
rCold    x . .     Gourm    .   (no shield)
rNeg     + . .     Faith    .   j - +0 plate armour
rPois    ∞         Spirit   .   (no helmet)
rElec    +         Reflect  .   (no cloak)
rCorr    .         Harm     .   (no gloves)
MR       .....                  (no boots)
Stlth    ..........             (no amulet)
HPRegen  0.08/turn              g - ring of fire
MPRegen  0.08/turn              (no ring)

@: heavily drained
A: negative energy resistance 1, electricity resistance, unbreathing,
petrification resistance, rot immunity, AC +3
a: no special abilities


You were on level 2 of the Dungeon.
You were not hungry.

You visited 1 branch of the dungeon, and saw 2 of its levels.

You collected 67 gold pieces.

Inventory:

Hand Weapons
 a - a +0 mace (weapon)
Armour
 b - a +0 robe
 f - a +0 ring mail
 j - a +0 plate armour (worn)
Jewellery
 g - a ring of fire (left hand)
Scrolls
 e - a scroll of teleportation {unknown}
 i - 4 scrolls of amnesia {unknown}
Potions
 d - a potion of heal wounds {unknown}
 h - a potion of curing {unknown}
 k - a potion of flight {unknown}
Comestibles
 c - a ration


   Skills:
 + Level 4.0(2.5) Fighting
 * Level 4.2(2.8) Maces & Flails
 - Level 2.4(1.0) Dodging
 - Level 2.1(0.8) Stealth


You had 2 spell levels left.
You didn't know any spells.
Your spell library was empty.

Dungeon Overview and Level Annotations

Branches:
Dungeon (2/15)

Altars:
Elyvilon


Innate Abilities, Weirdness & Mutations

You are resistant to torment.
Your stone body is resilient. (AC +3)
You are immune to poison.
You resist negative energy. (rN+)
You are resistant to electric shocks. (rElec)
You can survive without breathing.
You are immune to petrification.
You are immune to rotting.


Message History

The gnoll hits you with a spear.
* * * LOW HITPOINT WARNING * * *
The gnoll hits you but does no damage.
You barely miss the gnoll.
The gnoll is heavily wounded.
The gnoll barely misses you.
You closely miss the gnoll.
The gnoll is heavily wounded.
The gnoll hits you but does no damage.
You completely miss the gnoll.
The gnoll is heavily wounded.
The gnoll hits you but does no damage. x2
You hit the gnoll.
The gnoll is severely wounded.
The gnoll hits you with a spear.
* * * LOW HITPOINT WARNING * * *
Your plate armour prevents you from hitting the gnoll.
The gnoll is severely wounded.
The gnoll hits you with a spear.
You die...

..####.######
#..............# ..........#
#.........###... ..........#
#.........#≈≈... ..........#
#.........#≈$.♣. #.........#
#...†....((..... #.........#
###.gg........♣._.
#.........# #.
#g..#.........(...
#.........#
#.##g###.#######≈(r♣.
#.........# #.##@#......#
#≈≈.g.
#.........###.##.#.#.#.##
###...
...........##.##.......# ..#
...........##.##.......# .##
..###########.##.......#####
$. ..# ##....###......... ..
..## #..#### #......... ..♣
...# #".# #......... ...##
#.>## #.........


You could see 2 gnolls.

Vanquished Creatures
  2 gnolls (D:2)
  An adder (D:2)
  A worm (D:2)
  A dart slug (D:2)
  A leopard gecko (D:2)
  3 bats
  2 goblins (D:1)
  3 hobgoblins
  2 frilled lizards (D:1)
  4 kobolds
  3 rats
23 creatures vanquished.

Vanquished Creatures (others)
  A quokka (D:2)
1 creature vanquished.

Grand Total: 24 creatures vanquished

Notes
Turn   | Place    | Note
-------+----------+-------------------------------------------
     0 | D:1      | MTVSty1e the Gargoyle Monk began the quest for the Orb.
     0 | D:1      | Reached XP level 1. HP: 14/14 MP: 1/1
   148 | D:1      | Reached XP level 2. HP: 19/19 MP: 2/2
  1077 | D:2      | Reached XP level 3. HP: 20/24 MP: 3/3
  1255 | D:2      | Found a white marble altar of Elyvilon.
  1300 | D:2      | HP: 1/24 [gnoll/spear (5)]
  1301 | D:2      | Slain by a gnoll

Skill      XL: |  1  2  3 |
---------------+----------+-----
Maces & Flails | 4 |  4.2
Fighting       | 4 |  4.0
Dodging        | |  2.4
Stealth        | |  2.1

Action                   || total
-------------------------++-------
Melee: Mace              ||    93
 Stab: Sleeping          ||     1
  Eat: Ration            ||     1
Armor: Robe              ||    10
       Ring mail         ||    16
       Plate armour      ||    26
Dodge: Dodged            ||    51
